 Dungeon Crawl Stone Soup version 0.25-a0-670-g50981ef59b (webtiles) character file.

Game seed: 6578578138208839290, levelgen mode: deterministic

51 Error4North the Ogre Mage (level 3, -3/33 HPs)
             Began as an Ogre Wizard on Mar 29, 2020.
             Slain by Sigmund
             ... wielding a cursed +0 scythe
              (4 damage)
             ... on level 2 of the Dungeon.
             The game lasted 00:12:13 (2850 turns).

Error4North the Ogre Mage (Ogre Wizard)             Turns: 2850, Time: 00:12:13

Health: -3/33      AC:  3    Str: 11    XL:     3   Next: 83%
Magic:  5/8        EV: 10    Int: 20    God:
Gold:   84         SH:  0    Dex:  7    Spells: 0/10 levels left

rFire    . . .     SeeInvis .   (no weapon)
rCold    . . .     Gourm    .   (no shield)
rNeg     . . .     Faith    .   a - +0 robe
rPois    .         Spirit   .   b - +0 hat
rElec    .         Reflect  .   (no cloak)
rCorr    .         Harm     .   (gloves unavailable)
MR       .....                  (boots unavailable)
Stlth    +.........             (no amulet)
HPRegen  0.11/turn              (no ring)
MPRegen  0.11/turn              (no ring)

@: confused
A: large, unfitting armour, tough skin 1
a: no special abilities


You were on level 2 of the Dungeon.
You were very hungry.

You visited 1 branch of the dungeon, and saw 2 of its levels.

You collected 84 gold pieces.

Inventory:

Missiles
 g - 86 stones (quivered)
Armour
 a - a +0 robe (worn)
 b - a +0 hat (worn)
Scrolls
 c - 2 scrolls of identify
 e - a scroll of amnesia {unknown}
 f - 2 scrolls of teleportation {unknown}
 h - a scroll of remove curse {unknown}
 i - a scroll of fog {unknown}
 j - 2 scrolls of blinking {unknown}
 l - a scroll of immolation {unknown}
Potions
 m - a potion of magic {unknown}
Comestibles
 d - 3 rations


   Skills:
 * Level 1.3 Fighting
 * Level 2.1 Dodging
 - Level 1.4 Stealth
 * Level 0.8 Unarmed Combat
 * Level 4.3 Spellcasting
 * Level 1.5 Conjurations
 * Level 0.9 Summonings
 * Level 1.0 Translocations


You couldn't memorise any spells.
You knew the following spells:

 Your Spells              Type           Power        Failure   Level  Hunger
a - Magic Dart            Conj           ##..         7%          1    None
b - Blink                 Tloc           N/A          12%         2    #......
c - Call Imp              Summ           #.......     13%         2    #......
d - Slow                  Hex            #.......     19%         2    #......
e - Mephitic Cloud        Conj/Pois/Air  #.......     30%         3    ###....

Your spell library contained the following spells:

 Spells                   Type           Power        Failure   Level  Hunger
 Conjure Flame            Conj/Fire      #.......     26%         3    ###....


Dungeon Overview and Level Annotations

Branches:
Dungeon (2/15)

Altars:
Makhleb
Xom

Annotations:
D:2 Sigmund


Innate Abilities, Weirdness & Mutations

You are too large for most types of armour.
You have tough skin. (AC +1)


Message History

Sigmund casts a spell at you. The magic dart hits you.
* * * LOW HITPOINT WARNING * * *
Sigmund says, "Look into my eyes."
Sigmund points at you and mumbles some strange words.
You are confused.
You bump into the rock wall.
You bump into the rock wall.
You bump into the rock wall.
Sigmund gestures wildly while chanting.
Sigmund flickers and vanishes!
You bump into the rock wall.
You feel less confused.
You hear some strange, mumbled words.
You are confused.
Something hits you.
You barely miss something. Something hits you!
* * * LOW HITPOINT WARNING * * *
You bump into the rock wall.
Something hits you.
You die...

#.#
###'#####.#.#.######
#.# #..w..#...#.#.#
#.###.#.#.#.###.#.#
#.....#.#.#.# #.#.#
#######.#.#.# #.#.#
#.#.#.# #.#.#
#.#.#.# #.#.#
#.#.#.# #.#.#
#@#.#.# #.###### #.#
#.# #.#....{ #.#
#.#.#### .#######.#
#.#.# .....(...#
#.#.#### ##########
#.#.##.. #.#.##..
#.#.##.. #.#.##..


You could see a worm.

Vanquished Creatures
  An ooze (D:1)
  2 dart slugs
  3 leopard geckos
  3 giant cockroaches
  6 goblins
  A hobgoblin (D:1)
  3 jackals
  A ball python (D:1)
  6 bats
  3 frilled lizards (D:1)
  4 kobolds
  4 rats
37 creatures vanquished.

Vanquished Creatures (collateral kills)
  A worm (D:2)
  A giant cockroach (D:2)
2 creatures vanquished.

Grand Total: 39 creatures vanquished

Notes
Turn   | Place    | Note
-------+----------+-------------------------------------------
     0 | D:1      | Error4North the Ogre Wizard began the quest for the Orb.
     0 | D:1      | Reached XP level 1. HP: 16/16 MP: 5/5
    23 | D:1      | Reached skill level 1 in Conjurations
    93 | D:1      | Reached XP level 2. HP: 14/24 MP: 1/6
   232 | D:1      | Reached skill level 4 in Spellcasting
   733 | D:1      | Reached XP level 3. HP: 28/32 MP: 8/8
   743 | D:1      | Reached skill level 1 in Fighting
  1655 | D:2      | Learned a level 2 spell: Blink
  1658 | D:2      | Learned a level 2 spell: Call Imp
  1661 | D:2      | Learned a level 2 spell: Slow
  1665 | D:2      | Learned a level 3 spell: Mephitic Cloud
  1919 | D:2      | Reached skill level 1 in Translocations
  1988 | D:2      | Found a shimmering altar of Xom.
  1988 | D:2      | Found a burning altar of Makhleb.
  2461 | D:2      | Noticed Sigmund
  2849 | D:2      | HP: 1/33 [something (9)]
  2850 | D:2      | Slain by Sigmund

Levels and vault maps discovered:
D:1:      minmay_arrival_five_plusses, layout_loops_ring
D:2:      minmay_alternating_diamond, layout_basic,
          gammafunk_temple_overflow_pools, minivault_14, uniq_sigmund

Skill      XL: |  1  2  3 |
---------------+----------+-----
Conjurations   | 1 |  1.5
Spellcasting   | 4 |  4.3
Fighting       | 1 |  1.3
Dodging        | 2 |  2.1
Translocations | 1 |  1.0
Stealth        | |  1.4
Unarmed Combat | |  0.8
Summonings     | |  0.9

Action                   || total
-------------------------++-------
Melee: Unarmed           ||   157
Throw: Stone             ||     1
 Cast: Magic Dart        ||    64
       Call Imp          ||     4
       Mephitic Cloud    ||     2
  Use: Scroll            ||     2
 Stab: Sleeping          ||     1
  Eat: Chunk             ||     5
Armor: Robe              ||    50
Dodge: Dodged            ||    89

Table legend:
 A = Non-vault XP
 B = Vault XP
 C = Vault XP percentage of total XP
 D = Non-vault monster count
 E = Vault monster count
 F = Vault count percentage of total count
                 A         B        C        D         E       F
            +---------+---------+-------+---------+---------+-------
      Total |      61 |      13 |  17.6 |      33 |       6 |  15.4
            +---------+---------+-------+---------+---------+-------
        D:1 |      42 |       0 |   0.0 |      22 |       0 |   0.0
        D:2 |      19 |      13 |  40.6 |      11 |       6 |  35.3
            +---------+---------+-------+---------+---------+-------
